 Dungeon Crawl Stone Soup version 0.19-a0-1861-g35def1e (console) character file.

60 Gottschkopf the Magician (level 3, 0/19 HPs)
             Began as a Deep Elf Earth Elementalist on Oct 12, 2016.
             Slain by an adder (4 damage)
             ... on level 2 of the Dungeon.
             The game lasted 00:05:41 (2060 turns).

Gottschkopf the Magician (DEEE)                     Turns: 2060, Time: 00:05:42

Health: 0/19       AC:  2    Str:  5    XL:     3   Next: 82%
Magic:  0/11       EV: 13    Int: 25    God:
Gold:   112        SH:  0    Dex: 15    Spells: 3 memorised, 5 levels left

rFire  . . .     SeeInvis .     b - 24 stones
rCold  . . .     Gourm    .     c - +0 robe
rNeg   . . .     Faith    .     (no shield)
rPois  .         Spirit   .     (no helmet)
rElec  .         Dismiss  .     (no cloak)
rCorr  .         Reflect  .     (no gloves)
MR     .....     Harm     .     (no boots)
Stlth  ++........               k - amulet of rage
                                (no ring)
                                (no ring)

@: brilliant, invisible
A: no striking features
a: Evoke Berserk Rage


You were on level 2 of the Dungeon.
You were very hungry.

You visited 1 branch of the dungeon, and saw 2 of its levels.

You collected 112 gold pieces.

Inventory:

Hand Weapons
 a - a +0 dagger
Missiles
 b - 24 stones (in hand)
Armour
 c - a +0 robe (worn)
Jewellery
 k - an amulet of rage (around neck)
Scrolls
 g - a scroll of noise {unknown}
 l - a scroll of enchant armour {unknown}
 o - a scroll of blinking {unknown}
 p - a scroll of teleportation {unknown}
 q - 2 scrolls of identify {unknown}
Potions
 m - a potion of magic {unknown}
 n - a potion of heal wounds {unknown}
 r - a potion of curing {unknown}
Books
 e - a book of Geomancy

   Spells                             Type                      Level
   a - Sandblast                      Earth                        1
   b - Passwall                       Transmutation/Earth          2
   c - Stone Arrow                    Conjuration/Earth            3
   d - Petrify                        Transmutation/Earth          4
   e - Lee's Rapid Deconstruction     Earth                        5
Comestibles
 d - a bread ration
 i - a royal jelly
 j - 2 slices of pizza


   Skills:
 - Level 2.4 Dodging
 - Level 2.4 Stealth
 - Level 4.8 Spellcasting
 - Level 1.1 Transmutations
 + Level 4.1 Earth Magic


You had 5 spell levels left.
You knew the following spells:

 Your Spells              Type           Power        Failure   Level  Hunger
a - Sandblast             Erth           #####.       1%          1    None
b - Passwall              Tmut/Erth      ####......   1%          2    None
c - Stone Arrow           Conj/Erth      ####..       1%          3    ##.....


Dungeon Overview and Level Annotations

Branches:
Dungeon (2/15)

Altars:
Hepliaklqana


Message History

The jackal misses you.
The adder hisses angrily.
The jackal closely misses you.
There is an open door here.
Casting: Sandblast
Confirm with . or Enter, or press ? or * to list all spells.
Aiming: Sandblast
Press: ? - help, Shift-Dir - straight line, f/p - jackal
Aim: a jackal The rocky blast hits the adder.
The adder is almost dead.
The adder misses you. The adder barely misses you.
It was a potion of brilliance.
You feel clever all of a sudden. The adder bites you.
* * * LOW HITPOINT WARNING * * *
It was a potion of invisibility.
You fade into invisibility!
The adder bites you.
You die...

#.#.## ##.......## #...?##.#
#####....####.........###.......#
............'.........'.......###
######...####.........####...####
# ##..# ##.......## #....... #
##.# ##.....## #.###### # #.#
##.h.## #.# # #.# ######S## #.# #
#.# #....@.##### #.# #
#####.###........>.# #.# #
#..........##..###.####.#
#.###.###..##...........# #.#
#.###..#.....#.###### #.#
#..............# #.#
#####.###..##### #.# #......#
#.#######.####.#


You could see an adder and a jackal.

Vanquished Creatures
  An adder (D:2)
  An ooze (D:1)
  2 dart slugs (D:1)
  3 giant cockroaches
  5 goblins (D:1)
  3 hobgoblins (D:1)
  8 jackals
  6 kobolds
  3 bats (D:1)
  2 frilled lizards
  6 rats
40 creatures vanquished.

Notes
Turn   | Place    | Note
-------+----------+-------------------------------------------
     0 | D:1      | Gottschkopf the Deep Elf Earth Elementalist began the quest for the Orb.
     0 | D:1      | Reached XP level 1. HP: 10/10 MP: 6/6
   527 | D:1      | Reached XP level 2. HP: 2/15 MP: 0/9
   546 | D:1      | Learned a level 2 spell: Passwall
  1107 | D:1      | Reached XP level 3. HP: 7/19 MP: 0/11
  1116 | D:1      | Learned a level 3 spell: Stone Arrow
  1846 | D:2      | Found a hazy altar of Hepliaklqana.
  2060 | D:2      | Slain by an adder

Vault maps used:
D:1:      shiori_arrival_elements
D:2:      marbit_many_paths, first_bread

Skill      XL: |  1  2  3 |
---------------+----------+-----
Spellcasting   | 4 |  4.8
Earth Magic    | 4 |  4.1
Dodging        | |  2.4
Stealth        | |  2.4
Transmutations | |  1.1

Action                   || total
-------------------------++-------
Melee: Dagger            ||    29
 Cast: Sandblast         ||    93
  Use: Potion            ||     2
 Stab: Sleeping          ||     1
  Eat: Chunk             ||     2
Armor: Robe              ||    17
Dodge: Dodged            ||    87
